AoeStats
← 恆浪蕩

African Clearing

506022648Analyzed
4v4 RM · 19d ago on Sep 12, 2026· 35m 12s· 8 players
Game mode
Random Map
Map size
Large (8 player)
Population
200
Speed
Normal
Resources
Standard
Victory
Conquest
Starting age
Dark Age
Ending age
Imperial Age
RankedLock teamsTeams togetherTeam positionsShared explorationLock speedFull tech treeHidden civsTurbo modeCheats
Victory
Defeat
🇨🇳 Koreans · China
1622
+11
🇭🇰 Vikings · Hong Kong SAR China
1616
+11
🇹🇼 Burgundians · Taiwan
1587
+12
🇹🇼 Hindustanis · Taiwan
1579
+12
🇲🇽 Muisca · Mexico
1597
-16
🇨🇳 Persians · China
1519
-12
🇨🇴 Malians · Colombia
1441
-9
🇧🇷 Chinese · Brazil
1441
-9
MZTK | Evil Xandro
13:07 Feudal Age
13:17 Loom
17:08 Castle Age
15:27 Double-Bit Axe
16:31 Fletching
19:24 Bodkin Arrow
23:25 Padded Archer Armor
31:02 Sanctity
30:54 Fervor
31:25 Redemption
78088344
11:48 Feudal Age
13:25 Loom
13:35 Double-Bit Axe
16:32 Scale Barding Armor
17:33 Forging
25:22 Castle Age
24:50 Bloodlines
26:43 Husbandry
27:43 Chain Barding Armor
Mionel Lessi
3:28 Loom
14:48 Feudal Age
19:04 Castle Age
17:40 Double-Bit Axe
17:48 Stone Mining
18:05 Horse Collar
19:50 Wheelbarrow
19:59 Bow Saw
20:06 Town Watch
20:54 Heavy Plow
28:42 Hand Cart
32:04 Ballistics
32:12 Fletching
juand400
4:27 Loom
13:50 Feudal Age
18:02 Castle Age
16:59 Double-Bit Axe
18:37 Town Watch
18:58 Horse Collar
24:40 Wheelbarrow
30:01 Scale Mail Armor
30:29 Squires
30:14 Arson
31:08 Chain Mail Armor
30:52 Gold Mining
31:42 Fletching
32:08 Heavy Plow
32:22 Bow Saw
33:34 Gold Shaft Mining
奶油小豚
11:44 Loom
13:52 Feudal Age
17:34 Castle Age
16:12 Double-Bit Axe
21:09 Bow Saw
21:32 Fletching
22:19 Bodkin Arrow
28:29 Wheelbarrow
32:48 Imperial Age
30:36 Gold Mining
31:18 Town Watch
33:36 Bracer
35:43 Chemistry
35:42 Ballistics
35:29 Horse Collar
Sean
11:42 Feudal Age
12:22 Loom
16:10 Fletching
21:20 Double-Bit Axe
24:59 Castle Age
23:57 Gold Mining
25:08 Crossbowman
25:43 Bodkin Arrow
26:24 Bow Saw
28:13 Ballistics
31:31 Padded Archer Armor
35:17 Imperial Age
35:19 Gold Shaft Mining
34:24 Horse Collar
34:48 Stone Mining
重炮手雷龍
4:17 Loom
12:16 Feudal Age
12:52 Double-Bit Axe
12:50 Horse Collar
18:40 Wheelbarrow
22:51 Castle Age
22:49 Bloodlines
23:22 Scale Barding Armor
24:03 Bow Saw
23:54 Heavy Plow
27:36 Chain Barding Armor
31:24 Husbandry
32:50 Hand Cart
34:49 Forging
37:28 Imperial Age
34:37 Light Cavalry
36:08 Iron Casting
恆浪蕩
3:07 Loom
11:10 Double-Bit Axe
13:21 Feudal Age
15:53 Bow Saw
18:29 Castle Age
16:34 Horse Collar
21:02 Two-Man Saw
20:31 Scale Barding Armor
22:39 Wheelbarrow
22:20 Husbandry
22:46 Cavalier
23:43 Gold Mining
24:42 Forging
30:14 Chain Barding Armor
32:03 Hand Cart
35:57 Imperial Age
34:37 Iron Casting
34:59 Gold Shaft Mining
34:36 Heavy Plow
35:11 Town Watch
Connection lost

Rejoining the realm…

Still unreachable

The connection could not be restored.

Session expired

The server has moved on; the page needs a fresh start.